 Dungeon Crawl Stone Soup version 0.20.0-14-g326068f (webtiles) character file.

1736 greprep the Carver (level 8, -2/69 HPs)
             Began as a Minotaur Fighter on June 8, 2017.
             Was a Believer of Ashenzari.
             Killed by divine providence
             ... invoked by an orc priest
              (13 damage)
             ... on level 6 of the Dungeon.
             The game lasted 00:12:38 (5773 turns).

greprep the Carver (Minotaur Fighter)               Turns: 5773, Time: 00:12:39

Health: -2/69      AC:  8    Str: 23    XL:     8   Next: 76%
Magic:  7/7        EV: 10    Int:  5    God:    Ashenzari [**....]
Gold:   175        SH: 13    Dex: 10    Spells: 7/7 levels left

rFire    . . .     SeeInvis .   a - +0 long sword
rCold    . . .     Gourm    .   c - +0 shield
rNeg     . . .     Faith    .   b - +0 scale mail
rPois    .         Spirit   .   (helmet restricted)
rElec    .         Reflect  +   A - +0 cloak
rCorr    .         Harm     .   (no gloves)
MR       .....                  (no boots)
Stlth    ..........             y - +3 amulet of reflection
Regen    0.3/turn               (no ring)
MPRegen  0.1/turn               (no ring)

@: very slightly contaminated, drained
A: retaliatory headbutt, horns 2
a: Curse Item, Scrying, Renounce Religion


You were on level 6 of the Dungeon.
You worshipped Ashenzari.
Ashenzari was pleased with you.
You were hungry.

You visited 1 branch of the dungeon, and saw 6 of its levels.
You also visited: Sewer.

You collected 379 gold pieces.
You spent 204 gold pieces at shops.

Inventory:

Hand Weapons
 a - a +0 long sword (weapon)
Armour
 b - a +0 scale mail (worn)
 c - a +0 shield (worn)
 A - a +0 cloak (worn)
Jewellery
 o - an uncursed ring of wizardry
 p - an uncursed ring of stealth
 y - a +3 amulet of reflection (around neck)
Scrolls
 f - a scroll of fear {unknown}
 j - 2 scrolls of blinking
 k - 2 scrolls of remove curse
 l - 4 scrolls of recharging
 m - 2 scrolls of amnesia
 q - 2 scrolls of magic mapping {unknown}
 u - 2 scrolls of enchant weapon {unknown}
 v - 2 scrolls of fog
 x - 2 scrolls of identify
 B - a scroll of enchant armour {unknown}
Potions
 d - a potion of might
 e - 5 potions of curing
 g - a potion of cancellation {unknown}
 h - a potion of agility
 i - a potion of lignification {unknown}
 n - 8 potions of heal wounds
 r - a potion of mutation {unknown}
 t - a potion of brilliance {unknown}
 w - 3 potions of magic {unknown}
 D - a potion of degeneration {unknown}
Books
 C - a book of Frost

   Spells                             Type                      Level
   a - Freeze                         Ice                          1
   b - Throw Frost                    Conjuration/Ice              2
   c - Ozocubu's Armour               Charms/Ice                   3
   d - Throw Icicle                   Conjuration/Ice              4
   e - Summon Ice Beast               Ice/Summoning                4
Comestibles
 s - a meat ration
 z - 2 bread rations


   Skills:
 + Level 5.6(5.4) Fighting
 * Level 9.3(9.0) Long Blades
 + Level 6.1(5.9) Armour
 * Level 4.6(4.4) Dodging
 + Level 6.5(6.3) Shields


You had 7 spell levels left.
You didn't know any spells.

Dungeon Overview and Level Annotations

Branches:
Dungeon (6/15)
 Temple: D:4-7

Altars:
Ashenzari
Cheibriados
Elyvilon
Gozag
Hepliaklqana
Okawaru
Sif Muna
Zin
The Shining One

Shops:
D:4 (   D:5 =


Innate Abilities, Weirdness & Mutations

You reflexively headbutt those who attack you in melee.
You have a pair of horns on your head.


Message History

You block the orc's attack. You block the orc warrior's attack.
The orc priest hits you but does no damage.
You hit the orc priest but do no damage.
The orc priest is lightly wounded.
You block the orc's attack.
The orc warrior hits you from afar with a halberd!!
The orc wizard mumbles some strange words.
The orc wizard seems to speed up.
The orc priest invokes the aid of Beogh against you.
Beogh smites you!
* * * LOW HITPOINT WARNING * * *
You block the orc's attack.
Blink to where?
Press: ? - help, Dir - move target cursor You are very lightly contaminated with residual magic.
As you read the scroll of blinking, it crumbles to dust.
An orc opens the door.
The orc priest invokes the aid of Beogh against you.
Beogh smites you!
You die...

,......)........#.+. * ,
..#...#o.)[....#.#. , ,
,.......o.......#... * *
###.#oo.....†).....
######+#'#............
#..........#.##$#.###.
#..........#..........
#.....................
#....@#...............
#.....#...............
#######.....##+#............
#.<............#....#+#.....
#######........#....#.#.....
#.............#.#.....
#........######.......
#.....................
######......#..#....).#


You could see an orc warrior, an orc priest, an orc wizard and an orc.

Vanquished Creatures
  Sigmund (D:3)
  Eustachio (D:4)
  2 ogres
  Blork the orc (D:4)
  5 bullfrogs
  A scorpion (D:5)
  4 wights (D:6)
  A crimson imp (D:5)
  A hound (D:4)
  A centaur skeleton (D:6)
  An orc priest (D:3)
  An orc wizard (D:4)
  Terence (D:2)
  4 worker ants
  Robin (D:2)
  15 adders
  7 river rats (Sewer)
  2 shadow imps
  6 oozes
  3 adder zombies
  An adder skeleton (D:6)
  4 worms
  2 dart slugs (D:4)
  2 leopard geckos
  15 orcs
  8 ball pythons
  3 giant cockroaches
  10 goblins
  5 hobgoblins
  9 jackals
  A quokka (D:5)
  4 bats
  7 frilled lizards
  5 kobolds
  A quokka skeleton (D:5)
  28 rats
164 creatures vanquished.

Notes
Turn   | Place    | Note
-------+----------+-------------------------------------------
     0 | D:1      | greprep the Minotaur Fighter began the quest for the Orb.
     0 | D:1      | Reached XP level 1. HP: 19/19 MP: 0/0
   144 | D:1      | Reached XP level 2. HP: 24/27 MP: 1/1
   374 | D:1      | Found a glowing golden altar of the Shining One.
   610 | D:2      | Found a snail-covered altar of Cheibriados.
   616 | D:2      | Reached XP level 3. HP: 26/33 MP: 2/2
   753 | D:2      | Reached skill level 1 in Dodging
   778 | D:2      | Found a shattered altar of Ashenzari.
   800 | D:2      | Became a worshipper of Ashenzari the Shackled
   875 | D:2      | Noticed Robin
   886 | D:2      | Killed Robin
   886 | D:2      | Reached skill level 3 in Long Blades
   895 | D:2      | Noticed Terence
   918 | D:2      | Killed Terence
   918 | D:2      | Reached XP level 4. HP: 36/40 MP: 3/3
  1279 | D:2      | Found an opulent altar of Gozag.
  1392 | D:3      | Reached XP level 5. HP: 16/47 MP: 4/4
  1721 | D:3      | Noticed Sigmund
  2243 | D:3      | Killed Sigmund
  2243 | D:3      | Reached skill level 5 in Long Blades
  2243 | D:3      | Reached XP level 6. HP: 46/53 MP: 5/5
  2493 | D:3      | Reached skill level 5 in Armour
  2760 | D:4      | Reached skill level 5 in Shields
  2821 | D:4      | Noticed Eustachio
  2834 | D:4      | Killed Eustachio
  2834 | D:4      | Reached skill level 6 in Long Blades
  2834 | D:4      | Reached XP level 7. HP: 36/60 MP: 6/6
  3114 | D:4      | Found a hazy altar of Hepliaklqana.
  3270 | D:4      | Found Ajaodinif's Antique Weapon Emporium.
  3349 | D:4      | Found a glowing silver altar of Zin.
  3404 | D:4      | Reached * piety under Ashenzari
  3428 | D:4      | Reached skill level 5 in Fighting
  3496 | D:4      | Noticed Blork the orc
  3504 | D:4      | Killed Blork the orc
  4010 | D:5      | Entered Level 5 of the Dungeon
  4079 | D:5      | Found a glowing drain.
  4097 | Sewer    | Entered a sewer
  4329 | Sewer    | Reached skill level 7 in Long Blades
  4456 | Sewer    | Reached XP level 8. HP: 12/68 MP: 7/7
  4976 | D:5      | Found Syroikeo's Jewellery Emporium.
  4985 | D:5      | Bought a +3 amulet of reflection for 204 gold pieces
  5375 | D:5      | Found a white marble altar of Elyvilon.
  5473 | D:6      | Reached skill level 8 in Long Blades
  5544 | D:6      | Found a deep blue altar of Sif Muna.
  5677 | D:6      | Reached ** piety under Ashenzari
  5751 | D:6      | Reached skill level 9 in Long Blades
  5755 | D:6      | Found an iron altar of Okawaru.
  5773 | D:6      | Killed from afar by an orc priest

Skill      XL: |  1  2  3  4  5  6  7  8 |
---------------+-------------------------+-----
Armour         | 4 5 6 |  6.1
Fighting       | 4 5 |  5.6
Dodging        | 1 2 3 4 |  4.6
Shields        | 4 5 6 |  6.5
Long Blades    | 3 5 6 7 9 |  9.3

Action                   |  1- 3 |  4- 6 |  7- 9 || total
-------------------------+-------+-------+-------++-------
Melee: Long sword        |    92 |   139 |   234 ||   465
       Headbutt          |    17 |    16 |    45 ||    78
  Use: Potion            |       |     1 |     3 ||     4
       Scroll            |       |       |     6 ||     6
  Eat: Chunk             |       |     2 |       ||     2
       Bread ration      |       |     1 |     1 ||     2
       Meat ration       |       |       |     1 ||     1
Armor: Scale mail        |    49 |    42 |    94 ||   185
Dodge: Dodged            |    37 |    38 |   103 ||   178
Block: Shield            |    55 |    57 |   188 ||   300
       Rpst.: Long sword |    11 |    10 |    35 ||    56
